General information
- name: BNet
- type: Ladder team game (AT/RT)
- host: Battle.net
- saver: US-East-Name
map: Monsoon
- players: 6
- length: 53:13
- speed: Fast
- version: 1.27 W3XP
- replay type:

» download(470 KB)
Players
team 1 (winner)
eurogorps (
green | 105 APM | 5591 actions | 53:09)
9 Blademaster
3 Wind Walk
3 Critical Strike
1 Bladestorm
2 Mirror Image
» actions
| Assign group hotkey | 31 | |
| Basic commands | 25 | |
| Build / train | 83 | |
| Enter build submenu | 59 | |
| Enter hero's abilities submenu | 9 | |
| Give item / drop item | 4 | |
| Right click | 3906 | |
| Select / deselect | 324 | |
| Select group hotkey | 773 | |
| Use ability | 377 | |
5591 total
» units
» upgrades
| Spiked Barricades | 1 | |
| Ranged Weapons | 3 | |
| Reinforced Defenses | 1 | |
| Liquid Fire | 1 | |
| Armor | 3 | |
9 total
» buildings
| Altar of Storms | 1 | |
| War Mill | 2 | |
| Orc Burrow | 5 | |
| Voodoo Lounge | 2 | |
| Watch Tower | 44 | |
| Stronghold | 2 | |
| Fortress | 3 | |
| Beastiary | 3 | |
| Great Hall | 1 | |
63 total
» build order
00:12 Altar of Storms
00:19 War Mill
00:24 Orc Burrow
01:11 Voodoo Lounge
01:49 Watch Tower
02:24 Watch Tower
03:13 Watch Tower
03:23 Stronghold
03:26 Orc Burrow
04:04 Watch Tower
04:16 Watch Tower
04:35 Watch Tower
05:39 Watch Tower
05:40 Watch Tower
05:55 Watch Tower
06:02 Fortress
06:03 Fortress
06:20 Beastiary
06:21 Beastiary
06:46 Watch Tower
06:51 Beastiary
07:02 Watch Tower
08:03 Watch Tower
08:07 Orc Burrow
08:23 Voodoo Lounge
09:08 Watch Tower
09:55 Orc Burrow
10:17 Watch Tower
10:24 Great Hall
10:36 Orc Burrow
12:34 Watch Tower
13:45 Watch Tower
13:53 Watch Tower
14:11 Watch Tower
14:11 Watch Tower
15:09 Watch Tower
15:33 Watch Tower
15:40 Watch Tower
15:44 Watch Tower
16:18 Watch Tower
17:27 Watch Tower
17:32 Watch Tower
18:34 Watch Tower
18:39 Watch Tower
19:44 Watch Tower
19:49 Watch Tower
20:52 Watch Tower
21:03 Watch Tower
22:00 Watch Tower
22:11 Watch Tower
23:08 Watch Tower
23:31 Watch Tower
24:43 Watch Tower
24:45 Watch Tower
25:54 Watch Tower
25:55 Watch Tower
28:20 Watch Tower
28:21 Watch Tower
28:28 Watch Tower
28:29 Watch Tower
40:49 War Mill
» items
| Healing Salve | 3 | |
| Lesser Clarity Potion | 5 | |
| Staff of Teleportation | 1 | |
| Boots of Speed | 1 | |
| Circlet of Nobility | 2 | |
| Orb of Lightning | 1 | |
| Mechanical Critter | 2 | |
15 total
iggy_the_fisk (
red | 118 APM | 6267 actions | 53:09)
6 Archmage
3 Blizzard
2 Brilliance Aura
1 Mass Teleport
4 Blood Mage
2 Flame Strike
2 Siphon Mana
3 Pit Lord
2 Rain of Fire
1 Cleaving Attack
» actions
| Assign group hotkey | 328 | |
| Basic commands | 125 | |
| Build / train | 155 | |
| Enter build submenu | 131 | |
| Enter hero's abilities submenu | 13 | |
| Give item / drop item | 11 | |
| Right click | 2785 | |
| Select / deselect | 638 | |
| Select group hotkey | 1678 | |
| Use ability | 402 | |
6267 total
» units
» upgrades
| Masonry | 3 | |
| Lumber Harvesting | 2 | |
| Magic Sentry | 1 | |
6 total
» buildings
| Altar of Kings | 1 | |
| Farm | 4 | |
| Lumber Mill | 1 | |
| Scout Tower | 164 | |
| Arcane Tower | 15 | |
| Guard Tower | 69 | |
| Keep | 1 | |
| Arcane Vault | 2 | |
| Castle | 1 | |
| Town Hall | 2 | |
| Arcane Sanctum | 1 | |
261 total
» build order
00:17 Altar of Kings
00:32 Farm
00:50 Lumber Mill
01:06 Farm
01:22 Scout Tower
01:25 Scout Tower
01:53 Scout Tower
01:55 Scout Tower
01:56 Arcane Tower
01:57 Arcane Tower
02:28 Scout Tower
02:28 Guard Tower
02:30 Guard Tower
02:31 Scout Tower
02:32 Scout Tower
02:54 Guard Tower
02:56 Scout Tower
03:06 Guard Tower
03:07 Scout Tower
03:28 Guard Tower
03:28 Guard Tower
04:07 Keep
04:26 Guard Tower
04:28 Scout Tower
04:28 Scout Tower
04:29 Scout Tower
04:30 Scout Tower
04:31 Guard Tower
04:33 Scout Tower
04:58 Guard Tower
05:00 Guard Tower
05:03 Arcane Vault
05:20 Guard Tower
05:26 Scout Tower
05:27 Scout Tower
05:28 Scout Tower
05:29 Scout Tower
06:14 Farm
06:16 Farm
06:23 Scout Tower
06:24 Scout Tower
06:26 Guard Tower
06:28 Scout Tower
06:29 Scout Tower
06:32 Castle
06:54 Arcane Tower
06:54 Guard Tower
07:00 Scout Tower
07:01 Scout Tower
07:01 Scout Tower
07:05 Guard Tower
07:18 Town Hall
07:25 Guard Tower
07:26 Guard Tower
07:45 Guard Tower
07:50 Arcane Sanctum
07:57 Guard Tower
08:00 Scout Tower
08:01 Scout Tower
08:01 Scout Tower
08:15 Scout Tower
08:19 Scout Tower
10:08 Guard Tower
10:09 Arcane Vault
10:13 Arcane Tower
10:14 Guard Tower
10:15 Guard Tower
10:18 Scout Tower
10:19 Scout Tower
10:19 Scout Tower
10:21 Scout Tower
10:25 Scout Tower
10:26 Scout Tower
10:29 Scout Tower
10:29 Scout Tower
11:44 Scout Tower
11:45 Scout Tower
12:34 Guard Tower
12:42 Guard Tower
12:44 Scout Tower
12:45 Scout Tower
12:46 Scout Tower
12:46 Scout Tower
12:49 Scout Tower
12:49 Scout Tower
12:50 Scout Tower
13:07 Guard Tower
13:12 Scout Tower
13:13 Scout Tower
13:16 Scout Tower
13:21 Scout Tower
13:21 Scout Tower
13:27 Guard Tower
13:28 Scout Tower
13:29 Scout Tower
13:41 Guard Tower
13:48 Arcane Tower
13:50 Arcane Tower
14:13 Guard Tower
14:16 Guard Tower
14:19 Scout Tower
14:21 Scout Tower
14:23 Scout Tower
14:26 Arcane Tower
14:30 Guard Tower
14:31 Scout Tower
14:32 Scout Tower
14:43 Guard Tower
14:45 Scout Tower
14:46 Scout Tower
15:19 Guard Tower
15:25 Scout Tower
15:26 Scout Tower
15:27 Scout Tower
15:29 Scout Tower
15:32 Scout Tower
15:33 Guard Tower
15:35 Scout Tower
15:36 Scout Tower
15:37 Scout Tower
15:44 Town Hall
15:47 Scout Tower
15:48 Scout Tower
15:49 Scout Tower
15:49 Scout Tower
15:50 Scout Tower
15:50 Scout Tower
15:51 Scout Tower
16:07 Guard Tower
16:48 Guard Tower
17:11 Guard Tower
17:35 Scout Tower
17:37 Scout Tower
17:39 Scout Tower
18:07 Guard Tower
18:26 Scout Tower
18:27 Scout Tower
18:27 Scout Tower
18:28 Scout Tower
18:29 Scout Tower
18:29 Scout Tower
18:30 Scout Tower
18:42 Arcane Tower
18:52 Scout Tower
18:53 Scout Tower
19:06 Guard Tower
19:08 Guard Tower
19:12 Scout Tower
19:20 Scout Tower
19:21 Scout Tower
19:21 Scout Tower
19:22 Scout Tower
19:22 Scout Tower
19:23 Scout Tower
19:23 Scout Tower
19:24 Scout Tower
19:25 Scout Tower
19:25 Scout Tower
19:30 Guard Tower
19:36 Scout Tower
19:39 Scout Tower
19:53 Guard Tower
19:56 Guard Tower
19:59 Scout Tower
20:15 Guard Tower
20:17 Scout Tower
20:21 Scout Tower
20:24 Scout Tower
20:29 Arcane Tower
20:30 Guard Tower
20:54 Guard Tower
20:56 Scout Tower
20:57 Scout Tower
21:00 Guard Tower
21:18 Scout Tower
21:50 Guard Tower
21:54 Scout Tower
21:54 Scout Tower
22:11 Guard Tower
22:18 Scout Tower
22:20 Guard Tower
22:31 Arcane Tower
23:21 Guard Tower
23:24 Scout Tower
23:28 Guard Tower
24:29 Guard Tower
24:31 Scout Tower
24:59 Arcane Tower
25:16 Scout Tower
25:23 Scout Tower
25:25 Scout Tower
25:30 Scout Tower
25:45 Guard Tower
30:03 Scout Tower
30:04 Scout Tower
30:06 Scout Tower
30:07 Scout Tower
30:11 Scout Tower
30:13 Scout Tower
30:14 Scout Tower
30:21 Scout Tower
30:23 Scout Tower
30:24 Scout Tower
30:25 Scout Tower
30:27 Scout Tower
30:29 Scout Tower
30:30 Scout Tower
30:31 Scout Tower
30:34 Scout Tower
30:36 Scout Tower
30:37 Scout Tower
30:41 Guard Tower
30:52 Scout Tower
30:52 Guard Tower
30:57 Guard Tower
31:09 Scout Tower
31:28 Scout Tower
31:29 Scout Tower
31:30 Scout Tower
31:39 Guard Tower
32:04 Scout Tower
32:05 Scout Tower
32:05 Scout Tower
32:16 Scout Tower
32:19 Scout Tower
32:22 Scout Tower
32:23 Scout Tower
32:26 Scout Tower
32:27 Scout Tower
32:32 Scout Tower
32:39 Scout Tower
32:40 Scout Tower
32:41 Scout Tower
32:42 Arcane Tower
32:51 Guard Tower
32:59 Arcane Tower
33:01 Guard Tower
33:08 Scout Tower
33:10 Scout Tower
33:12 Scout Tower
33:12 Scout Tower
33:15 Guard Tower
33:22 Guard Tower
33:24 Scout Tower
33:29 Guard Tower
33:31 Scout Tower
33:32 Scout Tower
33:39 Guard Tower
33:42 Scout Tower
33:48 Guard Tower
34:01 Guard Tower
34:24 Guard Tower
34:27 Guard Tower
34:35 Guard Tower
34:38 Scout Tower
34:41 Scout Tower
34:43 Scout Tower
35:04 Guard Tower
36:07 Guard Tower
» items
| Boots of Speed | 3 | |
| Staff of Teleportation | 3 | |
| Healing Salve | 4 | |
| Orb of Lightning | 3 | |
| Staff of Sanctuary | 3 | |
| Mechanical Critter | 3 | |
| Potion of Healing | 2 | |
| Scroll of Regeneration | 1 | |
| Periapt of Vitality | 1 | |
| Scroll of Town Portal | 1 | |
24 total
US-East-Name (
yellow | 103 APM | 5496 actions | 53:13)
6 Warden
3 Shadow Strike
3 Blink
» actions
| Assign group hotkey | 27 | |
| Basic commands | 6 | |
| Build / train | 94 | |
| Enter build submenu | 33 | |
| Enter hero's abilities submenu | 6 | |
| Give item / drop item | 6 | |
| Remove unit from queue | 3 | |
| Right click | 4142 | |
| Select / deselect | 536 | |
| Select group hotkey | 375 | |
| Use ability | 265 | |
5496 total
» units
» upgrades
| Ultravision | 1 | |
| Nature's Blessing | 1 | |
| Well Spring | 1 | |
| Strength of the Wild | 3 | |
| Reinforced Hides | 3 | |
| Corrosive Breath | 1 | |
10 total
» buildings
| Altar of Elders | 2 | |
| Moon Well | 31 | |
| Hunter's Hall | 1 | |
| Tree of Life | 2 | |
| Tree of Ages | 2 | |
| Ancient of Wonders | 1 | |
| Tree of Eternity | 5 | |
| Ancient of Wind | 2 | |
| Chimaera Roost | 3 | |
49 total
» build order
00:06 Altar of Elders
00:21 Moon Well
01:38 Moon Well
01:53 Moon Well
04:57 Hunter's Hall
05:39 Moon Well
06:35 Moon Well
07:44 Tree of Life
08:29 Tree of Ages
12:16 Moon Well
12:17 Moon Well
12:17 Moon Well
12:28 Moon Well
12:30 Moon Well
12:31 Moon Well
12:57 Ancient of Wonders
14:54 Moon Well
14:55 Moon Well
14:56 Moon Well
15:00 Tree of Eternity
15:00 Tree of Eternity
15:00 Tree of Eternity
15:24 Moon Well
15:25 Moon Well
15:54 Ancient of Wind
16:09 Ancient of Wind
17:32 Moon Well
17:33 Moon Well
18:44 Moon Well
18:45 Moon Well
18:46 Moon Well
18:47 Moon Well
18:50 Moon Well
18:52 Moon Well
18:53 Moon Well
18:54 Moon Well
18:55 Moon Well
20:48 Moon Well
20:49 Moon Well
20:49 Moon Well
20:51 Moon Well
37:35 Chimaera Roost
37:35 Chimaera Roost
37:39 Chimaera Roost
46:00 Tree of Life
50:04 Altar of Elders
» items
| Boots of Speed | 1 | |
| Staff of Teleportation | 4 | |
| Orb of Lightning | 1 | |
6 total
team 2 (loser)
BadAssMada (
teal | 111 APM | 5884 actions | 53:07)
5 Blademaster
3 Wind Walk
2 Critical Strike
4 Shadow Hunter
2 Hex
2 Healing Wave
» actions
| Assign group hotkey | 30 | |
| Basic commands | 8 | |
| Build / train | 122 | |
| Enter build submenu | 23 | |
| Enter hero's abilities submenu | 9 | |
| Give item / drop item | 10 | |
| Right click | 3463 | |
| Select / deselect | 564 | |
| Select group hotkey | 1438 | |
| Use ability | 217 | |
5884 total
» units
| Peon | 22 | |
| Grunt | 8 | |
| Raider | 7 | |
| Troll Witch Doctor | 14 | |
| Spirit Walker | 4 | |
| Kodo Beast | 2 | |
| Troll Batrider | 5 | |
| Demolisher | 1 | |
| Tauren | 6 | |
69 total
» upgrades
| Berserker Strength | 1 | |
| Ensnare | 1 | |
| Witch Doctor Training | 2 | |
| Spirit Walker Training | 1 | |
| Armor | 2 | |
| Melee Weapons | 1 | |
| Liquid Fire | 1 | |
| War Drums Damage Increase | 1 | |
| Pulverize | 1 | |
11 total
» buildings
| Altar of Storms | 1 | |
| Orc Burrow | 7 | |
| Voodoo Lounge | 1 | |
| Barracks | 1 | |
| Stronghold | 2 | |
| Beastiary | 1 | |
| Spirit Lodge | 1 | |
| War Mill | 1 | |
| Fortress | 2 | |
| Tauren Totem | 1 | |
| Great Hall | 2 | |
| Watch Tower | 8 | |
28 total
» build order
00:09 Altar of Storms
00:19 Orc Burrow
01:05 Voodoo Lounge
01:41 Orc Burrow
01:46 Barracks
02:58 Stronghold
04:02 Orc Burrow
04:06 Orc Burrow
05:46 Beastiary
05:48 Spirit Lodge
07:47 Orc Burrow
08:35 Orc Burrow
08:38 War Mill
10:31 Orc Burrow
10:49 Fortress
15:22 Tauren Totem
18:48 Great Hall
19:56 Great Hall
37:37 Watch Tower
37:38 Watch Tower
37:39 Watch Tower
37:40 Watch Tower
37:41 Watch Tower
37:44 Watch Tower
39:49 Watch Tower
39:51 Watch Tower
» items
| Healing Salve | 3 | |
| Lesser Clarity Potion | 8 | |
| Scroll of Speed | 2 | |
| Orb of Lightning | 2 | |
| Potion of Healing | 4 | |
| Potion of Mana | 3 | |
22 total
OsG.Back (
purple | 155 APM | 8226 actions | 53:04)
4 Archmage
2 Summon Water Elemental
2 Brilliance Aura
2 Mountain King
1 Storm Bolt
1 Thunder Clap
3 Paladin
2 Holy Light
1 Divine Shield
» actions
| Assign group hotkey | 203 | |
| Basic commands | 470 | |
| Build / train | 188 | |
| ESC pressed | 17 | |
| Enter build submenu | 48 | |
| Enter hero's abilities submenu | 10 | |
| Give item / drop item | 5 | |
| Remove unit from queue | 9 | |
| Right click | 3165 | |
| Select / deselect | 1642 | |
| Select group hotkey | 2200 | |
| Use ability | 266 | |
8226 total
» units
| Peasant | 25 | |
| Footman | 10 | |
| Dragonhawk Rider | 14 | |
| Knight | 4 | |
| Priest | 2 | |
| Gryphon Rider | 12 | |
67 total
» upgrades
| Lumber Harvesting | 2 | |
| Cloud | 1 | |
| Priest Training | 1 | |
| Animal War Training | 1 | |
| Swords | 2 | |
| Plating | 3 | |
| Storm Hammers | 1 | |
| Armor | 3 | |
| Magic Sentry | 1 | |
| Gunpowder | 0 | |
15 total
» buildings
| Altar of Kings | 1 | |
| Farm | 13 | |
| Barracks | 2 | |
| Lumber Mill | 1 | |
| Keep | 3 | |
| Town Hall | 3 | |
| Scout Tower | 15 | |
| Guard Tower | 24 | |
| Arcane Tower | 4 | |
| Arcane Sanctum | 2 | |
| Gryphon Aviary | 2 | |
| Castle | 3 | |
| Arcane Vault | 1 | |
| Blacksmith | 1 | |
75 total
» build order
00:08 Altar of Kings
00:12 Farm
00:19 Barracks
00:22 Farm
01:35 Farm
02:38 Lumber Mill
03:28 Keep
03:28 Keep
05:39 Town Hall
06:14 Scout Tower
06:15 Scout Tower
06:34 Farm
06:36 Farm
06:43 Guard Tower
06:43 Guard Tower
06:46 Scout Tower
07:18 Arcane Tower
07:24 Guard Tower
08:11 Scout Tower
08:13 Scout Tower
08:32 Scout Tower
08:46 Scout Tower
08:50 Guard Tower
08:51 Arcane Tower
08:51 Arcane Tower
09:05 Guard Tower
09:05 Guard Tower
09:06 Scout Tower
09:34 Guard Tower
10:28 Guard Tower
10:28 Guard Tower
10:40 Arcane Sanctum
10:55 Gryphon Aviary
11:27 Castle
11:28 Castle
11:31 Barracks
11:32 Arcane Vault
12:43 Blacksmith
12:47 Arcane Sanctum
13:18 Farm
14:16 Gryphon Aviary
14:31 Farm
15:44 Farm
18:44 Farm
20:10 Farm
20:33 Farm
20:34 Farm
22:07 Farm
31:31 Town Hall
34:16 Town Hall
36:12 Scout Tower
36:15 Scout Tower
36:15 Scout Tower
36:16 Scout Tower
38:01 Scout Tower
38:28 Guard Tower
38:28 Guard Tower
38:28 Guard Tower
39:27 Scout Tower
40:27 Guard Tower
40:28 Scout Tower
41:01 Guard Tower
41:02 Guard Tower
41:02 Guard Tower
» items
| Dust of Appearance | 6 | |
| Scroll of Town Portal | 8 | |
| Potion of Lesser Invulnerability | 1 | |
| Scroll of Healing | 2 | |
| Staff of Sanctuary | 1 | |
| Orb of Fire | 2 | |
| Potion of Healing | 3 | |
23 total
osg.spaidyzz (
pink | 70 APM | 3736 actions | 53:08)
4 Death Knight
2 Death Coil
2 Unholy Aura
2 Lich
1 Frost Nova
1 Frost Armor
» actions
| Assign group hotkey | 60 | |
| Basic commands | 172 | |
| Build / train | 83 | |
| Enter build submenu | 24 | |
| Enter hero's abilities submenu | 6 | |
| Give item / drop item | 5 | |
| Remove unit from queue | 1 | |
| Right click | 1934 | |
| Select / deselect | 396 | |
| Select group hotkey | 952 | |
| Use ability | 103 | |
3736 total
» units
| Acolyte | 7 | |
| Ghoul | 12 | |
| Crypt Fiend | 19 | |
| Obsidian Statue | 8 | |
| Frost Wyrm | 6 | |
52 total
» upgrades
| Creature Attack | 3 | |
| Web | 1 | |
| Creature Carapace | 3 | |
| Destroyer Form | 1 | |
| Freezing Breath | 1 | |
9 total
» buildings
| Graveyard | 1 | |
| Crypt | 1 | |
| Altar of Darkness | 1 | |
| Ziggurat | 8 | |
| Tomb of Relics | 1 | |
| Nerubian Tower | 2 | |
| Halls of the Dead | 1 | |
| Slaughterhouse | 1 | |
| Black Citadel | 1 | |
| Sacrificial Pit | 1 | |
| Boneyard | 1 | |
19 total
» build order
00:14 Graveyard
00:17 Crypt
00:46 Altar of Darkness
01:03 Ziggurat
01:29 Tomb of Relics
01:59 Nerubian Tower
02:41 Ziggurat
04:07 Halls of the Dead
05:37 Ziggurat
06:08 Ziggurat
07:13 Slaughterhouse
09:04 Ziggurat
09:57 Black Citadel
10:40 Ziggurat
14:35 Ziggurat
15:22 Ziggurat
22:14 Sacrificial Pit
23:09 Boneyard
» items
| Rod of Necromancy | 3 | |
| Scroll of Town Portal | 1 | |
| Potion of Healing | 1 | |
| Dust of Appearance | 1 | |
6 total
Chat log
(00:53 / All) eurogorps: Good Gorp
(00:55 / All) eurogorps: Have Gorp
(01:02 / All) eurogorps: Gorp Luck
(01:17 / All) OsG.Back: gorp gorp
(24:28 / All) eurogorps: can't catch me u slow bitch..
(27:35 / All) US-East-Name: guuys
(28:56 / All) eurogorps: are u guys bad at warcraft?
(37:18 / All) eurogorps: u ever gorped?
(37:19 / All) BadAssMada: :D
(38:02 / All) eurogorps: xd
(43:04 / All) BadAssMada: :D:D:D
(43:07 / All) BadAssMada: GGG
(43:55 / All) eurogorps: u guys bad at warscraft?
(44:01 / All) OsG.Back: gorp
(44:06 / All) BadAssMada: gorp
(44:08 / All) US-East-Name: gorp
(44:09 / All) iggy_the_fisk: gorp. Just gorp
(44:47 / All) osg.spaidyzz: good gorp
(44:53 / All) eurogorps: thx
(45:24 / All) iggy_the_fisk: great staffs - by me
(45:41 / All) eurogorps: "great staffs - by me" -iggy
(45:47 / All) OsG.Back: gorp
(47:19 / All) osg.spaidyzz: ;/
(47:23 / All) eurogorps: gorp gorp
(48:46 / All) OsG.Back: gg
(48:49 / All) US-East-Name: gg
(48:52 / All) US-East-Name: https://highper.ch
(48:54 / All) OsG.Back: gorp
(49:02 / All) osg.spaidyzz: very new
(49:50 / All) eurogorps: seeya you slow ass bitch
(50:01 / All) BadAssMada: gosu
(50:10 / All) US-East-Name: gosu short for Gorps U
(50:17 / All) osg.spaidyzz: :D:D:D:D
(50:21 / All) BadAssMada: :D:D:D: